AoeStats
← 739697286

Lombardia

509838465Analyzed
4v4 RM · 5d ago on Sep 28, 2026· 41m 17s· 8 players
Game mode
Random Map
Map size
Large (8 player)
Population
200
Speed
Normal
Resources
Standard
Victory
Conquest
Starting age
Dark Age
Ending age
Imperial Age
RankedLock teamsTeams togetherTeam positionsShared explorationLock speedFull tech treeHidden civsTurbo modeCheats
Victory
Defeat
🇹🇼 Varangians · Taiwan
1692
+11
🇲🇽 Cumans · Mexico
1598
+14
🇫🇷 Mongols · France
1503
+18
🇧🇷 Maya · Brazil
1487
+19
1587
-17
1573
-16
🇨🇳 Georgians · China
1573
-16
🇨🇳 Franks · China
1506
-13
[韓粉戰隊] 鋼鐵韓粉
11:44 Feudal Age
13:10 Loom
17:56 Castle Age
16:05 Double-Bit Axe
16:01 Horse Collar
19:35 Bow Saw
20:34 Wheelbarrow
24:27 Hand Cart
23:59 Town Watch
25:28 Town Patrol
27:41 Gold Mining
31:04 Imperial Age
29:24 Fletching
30:39 Gold Shaft Mining
30:26 Thumb Ring
30:25 Husbandry
30:53 Stone Mining
31:44 Heavy Plow
31:51 Bodkin Arrow
32:58 Chemistry
32:15 Padded Archer Armor
33:15 Parthian Tactics
33:14 Ballistics
33:34 Bracer
33:57 Elite Mangudai
35:10 Leather Archer Armor
35:19 Conscription
38:33 Drill
38:12 Capped Ram
39:12 Siege Ram
40:02 Caravan
Element-Dy
6:13 Loom
8:33 Feudal Age
9:25 Double-Bit Axe
13:50 Wheelbarrow
18:49 Castle Age
17:36 Horse Collar
18:14 Stone Mining
22:30 Bow Saw
22:28 Town Watch
23:05 Hand Cart
26:02 Heavy Plow
33:31 Imperial Age
31:20 Scale Barding Armor
31:25 Forging
31:26 Bloodlines
31:17 Husbandry
32:18 Gold Mining
33:29 Chain Barding Armor
33:45 Iron Casting
32:32 Light Cavalry
34:41 Stone Shaft Mining
33:47 Elite Monaspa
34:30 Padded Archer Armor
35:45 Conscription
36:32 Conscription
37:39 Fletching
[韓粉戰隊] 台北庶民
11:17 Feudal Age
16:27 Castle Age
16:57 Loom
18:20 Wheelbarrow
18:34 Double-Bit Axe
31:11 Gold Mining
36:22 Imperial Age
34:08 Hand Cart
34:50 Scale Barding Armor
35:00 Bloodlines
34:51 Husbandry
36:30 Chain Barding Armor
36:24 Cavalier
38:34 Plate Barding Armor
38:28 Bow Saw
40:11 Forging
739697286
7:26 Loom
9:37 Feudal Age
10:24 Double-Bit Axe
17:30 Wheelbarrow
18:32 Gold Mining
22:12 Castle Age
20:59 Stone Mining
23:03 Forging
23:30 Bow Saw
23:31 Scale Barding Armor
23:51 Hand Cart
23:08 Light Cavalry
23:49 Husbandry
24:25 Iron Casting
30:11 Gold Shaft Mining
33:01 Chain Barding Armor
35:54 Imperial Age
36:14 Cavalier
38:33 Conscription
39:45 Blast Furnace
CAXCAN
6:26 Loom
9:03 Feudal Age
13:31 Double-Bit Axe
13:36 Horse Collar
17:43 Wheelbarrow
21:21 Castle Age
23:20 Hand Cart
23:17 Bow Saw
23:18 Heavy Plow
27:02 Imperial Age
26:45 Scale Barding Armor
26:51 Forging
27:37 Bloodlines
27:49 Chain Barding Armor
27:28 Town Watch
27:30 Cavalier
29:28 Crop Rotation
30:29 Paladin
30:55 Capped Ram
33:55 Siege Ram
37:15 Iron Casting
36:07 Light Cavalry
40:16 Plate Barding Armor
40:42 Blast Furnace
40:15 Conscription
逆·风
0:28 Loom
11:26 Feudal Age
11:52 Double-Bit Axe
12:51 Horse Collar
15:36 Wheelbarrow
21:31 Castle Age
19:54 Stone Mining
20:03 Gold Mining
22:17 Heavy Plow
22:28 Bow Saw
23:47 Stone Shaft Mining
31:56 Imperial Age
30:10 Hand Cart
30:12 Scale Mail Armor
30:22 Town Watch
30:36 Eagle Warrior
31:53 Chain Mail Armor
31:49 Forging
31:48 Squires
31:34 Arson
31:19 Pikeman
33:27 Holcans
33:18 Conscription
33:56 Plate Mail Armor
34:37 Iron Casting
34:34 Elite Eagle Warrior
35:11 Halberdier
37:50 Blast Furnace
36:41 Fletching
37:08 Padded Archer Armor
38:10 Two-Man Saw
37:41 Crop Rotation
39:22 Bodkin Arrow
40:02 Leather Archer Armor
39:49 Hul'che Javelineers
40:25 Hoardings
40:34 Bracer
41:36 Chemistry
40:58 Ballistics
40:27 Treadmill Crane
40:57 Masonry
40:44 Murder Holes
41:00 Fortified Wall
41:01 Elite Plumed Archer
Flybidi
10:00 Feudal Age
14:22 Castle Age
13:03 Double-Bit Axe
14:47 Loom
15:08 Fletching
17:11 Horse Collar
19:03 Bodkin Arrow
21:00 Padded Archer Armor
24:58 Ballistics
25:23 Wheelbarrow
27:14 Bow Saw
27:05 Heavy Plow
28:49 Gold Mining
33:26 Imperial Age
31:29 Hand Cart
31:50 Fortified Wall
32:41 Leather Archer Armor
33:49 Gold Shaft Mining
33:14 Stone Mining
34:04 Bloodlines
33:54 Husbandry
34:14 Bracer
37:15 Chemistry
36:45 Elite Mangudai
38:26 Caravan
40:11 Scale Barding Armor
40:17 Forging
41:53 Conscription
P0rr1dg3
6:04 Loom
13:42 Feudal Age
17:34 Castle Age
15:47 Double-Bit Axe
16:29 Bloodlines
16:36 Gold Mining
16:29 Horse Collar
17:38 Scale Barding Armor
19:06 Husbandry
20:43 Bow Saw
21:30 Fervor
21:33 Heavy Plow
22:13 Town Watch
23:35 Wheelbarrow
26:59 Stone Mining
26:59 Gold Mining
27:51 Hand Cart
28:52 Light Cavalry
30:25 Stone Shaft Mining
30:46 Town Patrol
30:57 Forging
35:53 Imperial Age
34:20 Iron Casting
36:24 Chain Barding Armor
35:27 Vendel Legacy
36:03 Hussar
37:44 Blast Furnace
37:07 Conscription
39:09 Plate Barding Armor
37:59 Elite Jarl
38:00 Gothikon
Connection lost

Rejoining the realm…

Still unreachable

The connection could not be restored.

Session expired

The server has moved on; the page needs a fresh start.